 Dungeon Crawl Stone Soup version 0.14-a0-1192-g192f278 (webtiles) character file.

3426 Psiweapon the Covert (level 9, 0/60 HPs)
             Began as a Vampire Enchanter on Nov 28, 2013.
             Was a Follower of Sif Muna.
             Slain by an orc wizard
             ... wielding a -1,+1 orcish dagger
              (1 damage)
             ... on Level 8 of the Dungeon on Dec 1, 2013.
             The game lasted 01:12:36 (9149 turns).

Psiweapon the Covert (Vampire Enchanter)            Turns: 9149, Time: 01:12:36

HP   0/60        AC  7     Str 10      XL: 9   Next: 56%
MP   5/19        EV 14     Int 23      God: Sif Muna [*.....]
Gold 398         SH  0     Dex 16      Spells:  4 memorised,  6 levels left

rFire  . . .     SeeInvis +     a - +1 dagger
rCold  + . .     Clarity  .     g - +2 elf leather armour
rNeg   + + .     Conserve .     (no shield)
rPois  +         rCorr    .     x - +1 wizard hat
rElec  .         rRot     +     p - +0 elf cloak
SustAb . .       Spirit   .     (no gloves)
rMut   .         Warding  .     (no boots)
Saprov . . .     Stasis   .     (no amulet)
                                J - ring "Zaoliz" {Dex+2 Int+4}
                                G - +2 ring of strength

@: regenerating slowly, very slightly contaminated, somewhat resistant to
hostile enchantments, extremely stealthy
A: bottle blood, fangs 3, see invisible, unbreathing
a: Bat Form, Bottle Blood, Channel Energy, Renounce Religion


You were on level 8 of the Dungeon.
You worshipped Sif Muna.
Sif Muna was aware of your devotion.
You were very thirsty.

You visited 3 branches of the dungeon, and saw 11 of its levels.

You collected 398 gold pieces.

Inventory:

Hand weapons
 a - a +1,+1 dagger (weapon)
 h - a +1,+0 dwarven short sword
 o - a +3,+0 dagger of holy wrath
 C - a +4,+2 quarterstaff of chaos
 E - a +0,+0 elven falchion
Missiles
 d - 12 darts (quivered)
Armour
 g - a +2 elven leather armour (worn)
 p - a +0 elven cloak (worn)
 x - a +1 wizard hat (worn)
 H - a cursed +0 pair of orcish boots
Scrolls
 f - 5 scrolls of teleportation
 i - a scroll of enchant armour
 k - a scroll of magic mapping {unknown}
 n - a scroll of immolation
 q - a scroll of recharging {unknown}
 t - 3 scrolls of remove curse
 u - a scroll of curse armour {unknown}
 y - a scroll of fear {unknown}
 z - a scroll of fog
 A - a scroll of blinking {unknown}
 I - a scroll of enchant weapon I {unknown}
Jewellery
 G - a +2 ring of strength (left hand)
 J - the ring "Zaoliz" (right hand) {Dex+2 Int+4}
   (You found it on level 6 of the Dungeon)

   [ring of intelligence]

   It affects your intelligence (+4).
   It affects your dexterity (+2).
Potions
 b - a potion of lignification
 e - 10 potions of blood
 j - 2 potions of restore abilities
 l - a potion of resistance
 m - 3 potions of curing
 r - 2 potions of might
 v - 2 potions of brilliance
 B - a potion of heal wounds
 F - a potion of coagulated blood
Magical staves
 s - an uncursed staff of power


   Skills:
 + Level 3.2 Fighting
 - Level 5.0 Short Blades
 - Level 0.7 Throwing
 + Level 3.9 Armour
 - Level 6.0 Dodging
 + Level 10.6 Stealth
 + Level 3.6 Spellcasting
 - Level 5.0 Hexes
 - Level 5.0 Necromancy
 - Level 2.0 Ice Magic


You had 6 spell levels left.
You knew the following spells:

 Your Spells              Type           Power        Failure   Level  Hunger
a - Corona                Hex            ####...      1%          1    None
b - Ensorcelled Hibernat  Hex/Ice        ###...       4%          2    #......
c - Vampiric Draining     Necr           ####......   6%          3    ###....
d - Regeneration          Chrm/Necr      ###.......   14%         3    ###....


Dungeon Overview and Level Annotations

Branches:
Dungeon (9/16)             Temple (1/1) D:4            Lair (1/8) D:8
    Orc: D:9-12

Altars:
Ashenzari
Cheibriados
Fedhas
Kikubaaqudgha
Nemelex Xobeh
Okawaru
Sif Muna
Trog
Vehumet
Xom
Yredelemnul
Zin
the Shining One

Annotations:
D:3 Sigmund
D:8 Blork the orc


Innate Abilities, Weirdness & Mutations

You heal slowly.
You can bottle blood from corpses.
You have razor-sharp teeth.*
You have supernaturally acute eyesight.
You can survive without breathing.*


Message History

You feel a wave of unholy energy pass over you.
Drink which item? (? for menu, Esc to quit)
You feel much better. The orc wizard casts a spell at you.
The magic dart hits you!
* * * LOW HITPOINT WARNING * * *
Casting: Ensorcelled Hibernation
Confirm with . or Enter, or press ? or * to list all spells.
Aiming: Vampiric Draining
Press: ? - help, Shift-Dir - straight line, f - scorpion, p - orc wizard
Aim: a scorpion You miscast Vampiric Draining.
You are very lightly contaminated with residual magic.
You shiver with cold.
Blork the orc barely misses you. The orc wizard misses you.
Blork the orc casts a spell at you. The puff of flame hits you!
* * * LOW HITPOINT WARNING * * *
The orc wizard hits you with an orcish dagger.
You die...

#.....#..>...#.........
#.....'......#.........
#..)..#......#.........
#.....#......#......<..
#.....########......###
#...............>...#
#.............%.....#
#...................#
#...(.@###########..#
#....os# #..# #.....(#
#..# #.>..oo# #..#
#..%...# ..# #......#
#......# . #......# ..
#......# .#


You could see Blork the orc, a scorpion, an orc wizard and an orc.

Vanquished Creatures
  Erolcha (D:8)
  A hungry ghost (D:7)
  2 orc warriors (D:7)
  2 ice beasts
  3 centaurs
  4 ogres
  2 phantoms
  2 giant frogs (D:6)
  A goliath beetle (D:7)
  3 hounds
  4 crimson imps
  A jelly (D:6)
  3 orc priests
  A black bear zombie (D:7)
  A scorpion (D:5)
  Crazy Yiuf (D:4)
  A quasit (D:6)
  A centaur skeleton (D:5)
  3 orc wizards
  7 worker ants
  6 adders
  6 gnolls
  A giant mite (D:8)
  A green rat (Lair:1)
  2 worms
  3 giant eyeballs
  4 giant geckos
  An ooze (D:6)
  29 orcs
  3 ball pythons
  11 bats
  2 bat skeletons (D:4)
  2 giant cockroaches
  13 hobgoblins
  11 kobolds
  4 quokkas
  4 giant newts
  23 goblins
  A hobgoblin skeleton (D:4)
  A hobgoblin zombie (D:7)
  15 jackals
  An orc skeleton (D:4)
  An orc zombie (D:5)
  A quokka skeleton (D:5)
  10 rats
200 creatures vanquished.

Notes
Turn   | Place    | Note
--------------------------------------------------------------
     0 | D:1      | Psiweapon, the Vampire Enchanter, began the quest for the Orb.
     0 | D:1      | Reached XP level 1. HP: 13/13 MP: 4/4
   219 | D:1      | Reached XP level 2. HP: 19/19 MP: 3/5
   223 | D:1      | Learned a level 2 spell: Ensorcelled Hibernation
  1004 | D:2      | Reached XP level 3. HP: 24/24 MP: 4/6
  1024 | D:2      | Reached skill level 5 in Hexes
  1247 | D:2      | Found a blossoming altar of Fedhas.
  1750 | D:3      | Noticed Sigmund
  1765 | D:4      | Reached skill level 1 in Ice Magic
  1826 | D:4      | Reached XP level 4. HP: 30/30 MP: 5/8
  1947 | D:4      | Noticed a centaur
  1968 | D:4      | Paralysed by a giant eyeball for 2 turns
  1977 | D:4      | Killed a centaur
  1977 | D:4      | Reached skill level 5 in Stealth
  1977 | D:4      | Reached XP level 5. HP: 28/35 MP: 6/9
  2009 | D:4      | Learned a level 3 spell: Vampiric Draining
  2215 | D:4      | Found a staircase to the Ecumenical Temple.
  2226 | Temple   | Entered the Ecumenical Temple
  2428 | Temple   | Became a worshipper of Sif Muna the Loreminder
  2515 | D:4      | Noticed a phantom
  2551 | D:4      | Killed a phantom
  2551 | D:4      | Reached skill level 1 in Necromancy
  2551 | D:4      | Reached XP level 6. HP: 33/41 MP: 8/10
  2809 | D:4      | Noticed Crazy Yiuf
  2831 | D:4      | Killed Crazy Yiuf
  3034 | D:5      | Entered Level 5 of the Dungeon
  3133 | D:5      | Reached skill level 6 in Stealth
  3790 | D:5      | Reached XP level 7. HP: 46/46 MP: 6/11
  4739 | D:5      | Reached skill level 7 in Stealth
  5197 | D:7      | Reached skill level 5 in Dodging
  5476 | D:6      | Reached skill level 5 in Short Blades
  5476 | D:6      | Reached XP level 8. HP: 52/52 MP: 8/13
  5539 | D:6      | Reached skill level 8 in Stealth
  5622 | D:6      | Got a brightly glowing bronze ring
  5637 | D:6      | Identified the ring "Zaoliz" {Dex+2 Int+4} (You found it on level 6 of the Dungeon)
  5985 | D:7      | Reached skill level 1 in Armour
  7028 | D:7      | Reached skill level 9 in Stealth
  7028 | D:7      | Reached skill level 5 in Necromancy
  7136 | D:7      | Acquired Sif Muna's first power
  7561 | D:7      | Learned a level 3 spell: Regeneration
  8015 | D:7      | Reached skill level 1 in Fighting
  8372 | D:8      | Noticed Erolcha
  8398 | D:8      | Killed Erolcha
  8398 | D:8      | Reached skill level 10 in Stealth
  8398 | D:8      | Reached XP level 9. HP: 15/59 MP: 0/18
  8559 | D:7      | Upgraded the game from 0.14-a0-1097-gc7db7fc to 0.14-a0-1192-g192f278
  8958 | D:8      | Found a staircase to the Lair.
  8964 | Lair:1   | Entered Level 1 of the Lair of Beasts
  9083 | D:8      | Noticed Blork the orc
  9146 | D:8      | HP: 2/60 [orc wizard/magic dart (3)]
  9149 | D:8      | Slain by an orc wizard

Action                   |  1- 3 |  4- 6 |  7- 9 || total
-------------------------+-------+-------+-------++-------
Melee: Dagger            |   141 |    77 |   300 ||   518
       Short sword       |       |   110 |    19 ||   129
       Quarterstaff      |       |       |    30 ||    30
Throw: Dart              |     2 |       |       ||     2
 Cast: Corona            |    21 |    10 |       ||    31
       Ensorcelled Hiber |     9 |    28 |    91 ||   128
       Vampiric Draining |       |       |    13 ||    13
       Regeneration      |       |       |     7 ||     7
Invok: Channel Energy    |       |       |    36 ||    36
 Abil: Bottle Blood      |       |     4 |    23 ||    27
       End Transformatio |       |     1 |     3 ||     4
       Bat Form          |       |     1 |     3 ||     4
  Use: Scroll            |     5 |     3 |     8 ||    16
       Potion            |       |       |    12 ||    12
 Stab: Sleeping          |    13 |    24 |    76 ||   113
       Paralysed         |       |       |     3 ||     3
       Distracted        |       |       |     5 ||     5
       Petrified         |       |       |     1 ||     1
